 Dungeon Crawl Stone Soup version 0.27.0-1-g7a089689b8 (webtiles) character file.

Game seed: 1143861671768901213

4311 inmateoo the Cleaver (level 10, -1/82 (88) HPs)
             Began as a Minotaur Gladiator on Aug 10, 2021.
             Was a Follower of Makhleb.
             Slain by a wight (6 damage)
             ... on level 8 of the Dungeon.
             The game lasted 00:04:20 (5917 turns).

inmateoo the Cleaver (Minotaur Gladiator)           Turns: 5917, Time: 00:04:20

HP:   -1/82 (88)    AC: 13    Str: 28    XL:     10   Next: 11%
MP:   9/9           EV: 11    Int:  5    God:    Makhleb [*.....]
Gold: 389           SH:  0    Dex: 12    Spells: 9/9 levels left

rFire    . . .     SeeInvis +   a - +1 war axe
rCold    . . .     Faith    .   (no shield)
rNeg     . . .     Spirit   .   t - +1 chain mail {Will+}
rPois    .         Reflect  .   c - +0 hat
rElec    .         Harm     .   k - +0 cloak
rCorr    .         Rampage  .   (no gloves)
Will     +....                  (no boots)
Stlth    ..........             j - amulet of regeneration
HPRegen  1.23/turn              e - +6 ring of strength
MPRegen  0.11/turn              o - ring of see invisible

@: slowed, drained, very slow
A: horns 2, retaliatory headbutt
a: Renounce Religion


You were on level 8 of the Dungeon.
You worshipped Makhleb.
Makhleb was aware of your devotion.
You visited 2 branches of the dungeon, and saw 9 of its levels.

You collected 389 gold pieces.

Inventory:

Hand Weapons
 a - a +1 war axe (weapon)
Missiles
 d - 3 throwing nets (quivered)
Armour
 c - a +0 hat (worn)
 k - a +0 cloak (worn)
 t - a +1 chain mail of willpower (worn)
Jewellery
 e - a +6 ring of strength (left hand)
 j - an amulet of regeneration (around neck)
 o - a ring of see invisible (right hand)
 r - a ring of protection from fire
 v - a ring of willpower
Wands
 i - a wand of polymorph (4)
 n - a wand of iceblast (9)
Scrolls
 p - a scroll of enchant weapon
 w - 2 scrolls of identify
Potions
 b - 2 potions of haste
 f - 5 potions of curing
 g - a potion of flight
 h - a potion of heal wounds
 m - a potion of brilliance {unknown}
 q - a potion of magic {unknown}
 s - a potion of degeneration {unknown}
 u - a potion of might {unknown}


   Skills:
 + Level 8.3 Fighting
 * Level 11.5 Axes
 - Level 2.0 Throwing
 + Level 7.7 Armour
 + Level 8.0 Dodging


You had 9 spell levels left.
You didn't know any spells.
Your spell library contained the following spells:

 Spells                   Type           Power      Damage    Failure   Level
 Animate Skeleton         Necr           0%         N/A       94%         1
 Pain                     Necr           0%         1d4       94%         1
 Sandblast                Erth           0%         2d4       94%         1
 Passwall                 Tmut/Erth      0%         N/A       98%         2
 Vampiric Draining        Necr           0%         2d6       100%        3
 Hailstorm                Conj/Ice       0%         3d3       100%        4
 Ice Form                 Ice/Tmut       0%         N/A       100%        4
 Lee's Rapid Deconstruct  Erth           0%         3d5*      100%        5
 Simulacrum               Ice/Necr       0%         N/A       100%        6


Dungeon Overview and Level Annotations

Branches:
Dungeon (8/15)             Temple (1/1) D:7
   Lair: D:8-11

Altars:
Dithmenos
Elyvilon
Fedhas
Hepliaklqana
Makhleb
Nemelex Xobeh
Ru
Sif Muna
Trog
Uskayaw
Wu Jian
Zin


Innate Abilities, Weirdness & Mutations

You have a pair of horns on your head.
You reflexively headbutt those who attack you in melee.


Message History

You feel very sick. The wight completely misses you.
The kobold brigand throws a curare-tipped dart.
The curare-tipped dart closely misses you.
You slash the wight! Your headbutt misses the wight.
The wight is severely damaged.
You closely miss the bullfrog. You hit the wight but do no damage.
You feel sick. The bullfrog hits you!
The wight hits you with a +2 great sword!
You feel drained. The wight hits you with a +4 mace.
The bullfrog barely misses you.
The kobold brigand throws a curare-tipped dart.
The curare-tipped dart hits you.
You are more poisoned.
You have difficulty breathing.
* * * LOW HITPOINT WARNING * * *
You feel as though you will be slow longer.
The wight barely misses you.
You are too injured to fight recklessly!
You are too injured to fight recklessly!
Unknown command.
As you read the scroll labelled AKKEOK ACOR, it crumbles to dust.
You assume a fearsome visage.
The bullfrog looks frightened!
The kobold brigand looks frightened!
The kobold looks frightened! x2
The wight is unaffected. x5; It was a scroll of fear.
You feel very sick.
The wight hits you but does no damage. x3; The wight hits you with a +0 mace.
* * * LOW HITPOINT WARNING * * *
The wight closely misses you.
You feel better. The wight hits you but does no damage.
The wight hits you with a +2 great sword.
* * * LOW HITPOINT WARNING * * *
The wight hits you but does no damage. The wight barely misses you.
You furiously retaliate!
You headbutt the wight.
The wight hits you from afar with a +0 halberd!
* * * LOW HITPOINT WARNING * * *
The wight hits you with a +2 great sword!
* * * LOW HITPOINT WARNING * * *
You feel drained.
You die...

##.####...####.........# .
# #..........##..........#
# ##........##............
####.......................
##......##..............
).......#.........(....#
##......#...##...z....#
...#.........#.zzz....#
...............z@)...F##
##...........$...)......
..............)!)......
......................K
..................K.K.
##..................
..#................
##...............
###..###........


You could see a kobold brigand (fleeing), a bullfrog (fleeing), 5 wights and 2
kobolds.

Vanquished Creatures
  A gargoyle (D:7)
  Psyche (D:7)
  6 yaks (D:7)
  Sigmund (D:5)
  3 humans (D:7)
  A water moccasin (D:8)
  A black bear (D:7)
  4 orc warriors
  A necrophage (D:5)
  2 ogres
  A boggart (D:7)
  A centaur (D:7)
  2 phantoms
  2 kobold brigands
  A bullfrog (D:8)
  A wyvern zombie (D:7)
  A water moccasin skeleton (D:4)
  5 wights (D:7)
  A howler monkey (D:6)
  A centaur zombie (D:7)
  4 hounds
  Crazy Yiuf (D:2)
  5 orc priests
  A gnoll shaman (D:4)
  A centaur skeleton (D:6)
  Jessica (D:7)
  6 orc wizards
  A scorpion zombie (D:5)
  A howler monkey zombie (D:7)
  3 gnolls (D:4)
  4 adders
  A howler monkey skeleton (D:4)
  A shadow imp (D:8)
  2 white imps (D:7)
  An adder skeleton (D:4)
  5 worms
  3 dart slugs
  25 orcs
  4 endoplasms
  3 giant cockroaches
  5 goblins
  8 hobgoblins
  15 jackals
  18 kobolds
  6 quokkas
  7 ball pythons
  5 bats
  4 frilled lizards
  3 rats
181 creatures vanquished.

Vanquished Creatures (others)
  A jackal (D:7)
  A ball python (D:4)
2 creatures vanquished.

Grand Total: 183 creatures vanquished

Notes
Turn   | Place    | Note
-------+----------+-------------------------------------------
     0 | D:1      | inmateoo the Minotaur Gladiator began the quest for the
                  | Orb.
     0 | D:1      | Reached XP level 1. HP: 18/18 MP: 0/0
    62 | D:1      | Reached XP level 2. HP: 16/25 MP: 1/1
    79 | D:1      | Reached skill level 4 in Axes
    98 | D:1      | Reached skill level 1 in Armour
   295 | D:1      | Reached XP level 3. HP: 27/30 MP: 2/2
  1159 | D:2      | Reached XP level 4. HP: 38/38 MP: 3/3
  1220 | D:2      | Found a runed translucent door.
  1221 | D:2      | Noticed Crazy Yiuf
  1395 | D:2      | Killed Crazy Yiuf
  1710 | D:3      | Found an ornate altar of the Wu Jian Council.
  1747 | D:3      | Reached skill level 5 in Axes
  2057 | D:3      | Reached XP level 5. HP: 34/46 MP: 4/4
  2301 | D:3      | Found a faded altar of an unknown god.
  2555 | D:4      | Reached XP level 6. HP: 51/52 MP: 5/5
  2586 | D:4      | Reached skill level 6 in Axes
  2921 | D:4      | Reached XP level 7. HP: 60/60 MP: 6/6
  3173 | D:4      | Found a white marble altar of Elyvilon.
  3186 | D:4      | Reached skill level 5 in Dodging
  3242 | D:5      | Entered Level 5 of the Dungeon
  3371 | D:5      | Found a sparkling altar of Nemelex Xobeh.
  3402 | D:5      | Reached skill level 7 in Axes
  3514 | D:5      | Reached skill level 5 in Fighting
  3681 | D:5      | Noticed Sigmund
  3694 | D:5      | Killed Sigmund
  3915 | D:6      | Reached XP level 8. HP: 69/69 MP: 7/7
  4108 | D:6      | Reached skill level 8 in Axes
  4644 | D:7      | Reached skill level 5 in Armour
  4729 | D:7      | Reached skill level 9 in Axes
  4756 | D:7      | Found a staircase to the Ecumenical Temple.
  4765 | Temple   | Entered the Ecumenical Temple
  4808 | Temple   | Became a worshipper of Makhleb the Destroyer
  4854 | D:7      | Noticed a gargoyle
  4862 | D:7      | Killed a gargoyle
  4863 | D:7      | Reached XP level 9. HP: 31/78 MP: 8/8
  4936 | D:7      | Noticed Psyche
  4940 | D:7      | Noticed Jessica
  4954 | D:7      | Reached skill level 10 in Axes
  4986 | D:7      | Killed Jessica
  4987 | D:7      | Killed Psyche
  4988 | D:7      | Reached skill level 11 in Axes
  5455 | D:7      | Reached * piety under Makhleb
  5649 | D:7      | Found a glowing silver altar of Zin.
  5688 | D:7      | Reached XP level 10. HP: 88/88 MP: 9/9
  5917 | D:8      | Slain by a wight

Illustrated notes

Levels and vault maps discovered:
D:1:      lemuel_arrival_room, layout_rooms
D:2:      cheibrodos_old_hovel, layout_loops_ring, kennysheep_another_room,
          uniq_crazy_yiuf_cottage
D:3:      layout_loops_ring, nicolae_wu_jian_immortal_techniques,
          shapermc_ecumenical_altar_pompeii
D:4:      layout_gridville, elyvilon_altar_4
D:5:      layout_gridville, nemelex_xobeh_ov_fountains_minmay, uniq_sigmund
D:6:      layout_basic, minmay_stone_trees_medium
D:7:      erik_cavepeople, layout_loops_ring, zin_statuary, temple_fountains
D:8:      layout_cave_pools, mainiacjoe_overflow_two_lobes,
          kennysheep_generic_room_15
Temple:   regret_index_temple_sphere_string

Skill      XL: |  1  2  3  4  5  6  7  8  9 10 |
---------------+-------------------------------+-----
Axes           | 4 5 6 7 9 11 | 11.5
Armour         | 1 2 3 4 6 7 |  7.7
Fighting       | 3 4 5 6 8 |  8.3
Dodging        | 4 5 6 7 8 |  8.0
Throwing       | |  2.0

Action                   |  1- 3 |  4- 6 |  7- 9 | 10-12 || total
-------------------------+-------+-------+-------+-------++-------
Melee: War axe           |    79 |   103 |   181 |    29 ||   392
       Headbutt          |     9 |    19 |    42 |    10 ||    80
Evoke: Wand              |       |       |     1 |       ||     1
  Use: Scroll            |       |     4 |     6 |     1 ||    11
       Potion            |       |       |     1 |     1 ||     2
 Stab: Petrified         |       |       |     3 |       ||     3
Armor: Leather armour    |    13 |       |       |       ||    13
       Chain mail        |    13 |    44 |    67 |    16 ||   140
Dodge: Dodged            |    53 |    61 |    98 |    30 ||   242
